 Dungeon Crawl Stone Soup version 0.21-a0-536-gdbbf329 (webtiles) character file.

193 Gerstahl the Skirmisher (level 5, -4/51 HPs)
             Began as a Naga Abyssal Knight on Dec 14, 2017.
             Was a Follower of Lugonu.
             Slain by a gnoll
             ... wielding a +0 halberd
              (10 damage)
             ... on level 2 of the Dungeon.
             The game lasted 00:04:08 (1448 turns).

Gerstahl the Skirmisher (Naga Abyssal Knight)       Turns: 1448, Time: 00:04:09

Health: -4/51      AC:  3    Str: 14    XL:     5   Next: 72%
Magic:  6/6        EV:  9    Int: 13    God:    Lugonu [*.....]
Gold:   99         SH:  0    Dex: 11    Spells: 4/4 levels left

rFire    . . .     SeeInvis +   a - +1 falchion
rCold    . . .     Gourm    .   (no shield)
rNeg     . . .     Faith    .   b - +0 leather armour
rPois    +         Spirit   .   (no helmet)
rElec    .         Reflect  .   (no cloak)
rCorr    .         Harm     .   (no gloves)
MR       .....                  (no barding)
Stlth    +.........             (no amulet)
HPRegen  0.17/turn              (no ring)
MPRegen  0.10/turn              (no ring)

@: very slow
A: large, see invisible, deformed body, poison resistance, slowness 2, slow
metabolism 1, spit poison 1, AC +1
a: Spit Poison, Depart the Abyss, Renounce Religion


You were on level 2 of the Dungeon.
You worshipped Lugonu.
Lugonu was aware of your devotion.
You were very hungry.

You visited 1 branch of the dungeon, and saw 2 of its levels.
You visited the Abyss 1 time.

You collected 99 gold pieces.

Inventory:

Hand Weapons
 a - a +1 falchion (weapon)
Armour
 b - a +0 leather armour (worn)
Wands
 l - a wand of digging (17)
Scrolls
 d - 4 scrolls of enchant armour {unknown}
 e - 3 scrolls of magic mapping {unknown}
 f - 3 scrolls of identify {unknown}
 h - a scroll of remove curse {unknown}
 m - a scroll of noise {unknown}
 o - a scroll of fear {unknown}
Potions
 i - 2 potions of invisibility {unknown}
 k - a potion of heal wounds {unknown}
 n - a potion of berserk rage {unknown}
Comestibles
 c - 2 bread rations
 g - 2 meat rations
 j - a royal jelly


   Skills:
 + Level 4.8 Fighting
 + Level 4.2 Long Blades
 - Level 1.5 Armour
 - Level 0.7 Dodging
 - Level 2.0 Invocations


You had 4 spell levels left.
You didn't know any spells.

Dungeon Overview and Level Annotations

Branches:
Dungeon (2/15)

Altars:
Nemelex Xobeh


Innate Abilities, Weirdness & Mutations

You cannot wear boots.
Your serpentine skin is tough. (AC +1)
You have supernaturally acute eyesight. (SInv)
Armour fits poorly on your strangely shaped body.
Your system is resistant to poisons. (rPois)
You cover ground very slowly.
You have a slow metabolism.
You can spit poison.


Message History

There is a stone staircase leading down, spattered with blood here.
Press: ? - help, Shift-Dir - straight line, f/p - gnoll
Aim: a gnoll, wielding a club The splash of poison hits the gnoll.
The gnoll is poisoned.
The gnoll is heavily wounded.
You feel slightly more hungry. The gnoll hits you with a club.
The gnoll hits you from afar with an enchanted halberd!
* * * LOW HITPOINT WARNING * * *
The gnoll hits you from afar with a halberd.
* * * LOW HITPOINT WARNING * * *
You closely miss the gnoll.
The gnoll is severely wounded.
The gnoll closely misses you. The gnoll misses you.
Okay, then.
You aren't in the Abyss!
You barely miss the gnoll.
The gnoll is severely wounded.
You have got your breath back.
The gnoll hits you from afar with a halberd!
You die...

########## #........#
#........# ......
#........# ##########
....... #........#
#........# ..)....
#........# #........# ..
...
#........###....>g..#### gg
g.
#........'.'...@gg.._..##.#
#.
#........###.....g..##..#.#
#. ######'###
#........###.#.# #. #.#
#........# #.g.# #. #.#
#........# ##..#####. #.#
#####...... ......... #.#
#######....#####. #.#
#....# #. #.# #....# #.


You could see 4 gnolls.

Vanquished Creatures
  Sigmund (D:2)
  A dart slug (D:1)
  A leopard gecko (D:1)
  A ball python (D:1)
  2 bats (D:1)
  3 giant cockroaches (D:1)
  5 goblins
  A hobgoblin (D:1)
  5 jackals
  2 kobolds
  A quokka (D:2)
  A frilled lizard (D:1)
  2 rats (D:1)
26 creatures vanquished.

Notes
Turn   | Place    | Note
-------+----------+-------------------------------------------
     0 | Abyss:1  | Gerstahl the Naga Abyssal Knight began the quest for the Orb.
     0 | Abyss:1  | Reached XP level 1. HP: 21/21 MP: 2/2
    10 | D:1      | Escaped the Abyss
    50 | D:1      | Reached XP level 2. HP: 14/28 MP: 3/3
   672 | D:1      | Reached XP level 3. HP: 31/34 MP: 4/4
   941 | D:2      | Noticed Sigmund
   959 | D:2      | Killed Sigmund
   959 | D:2      | Reached XP level 4. HP: 29/45 MP: 5/5
   959 | D:2      | Reached XP level 5. HP: 33/51 MP: 6/6
  1418 | D:2      | Found a sparkling altar of Nemelex Xobeh.
  1448 | D:2      | Slain by a gnoll

Vault maps used:
D:1:      onia_arrival_mini_maze_b
D:2:      overflow_temple_1_default, marbit_many_paths, first_bread,
          uniq_sigmund
Abyss:1:  minivault_19, evilmike_abyss_exit_vortex

Skill      XL: |  1  2  3 |
---------------+----------+-----
Fighting       | 4 |  4.8
Long Blades    | 4 |  4.2
Armour         | |  1.5
Dodging        | |  0.7
Invocations    | |  2.0

Action                   |  1- 3 |  4- 6 || total
-------------------------+-------+-------++-------
Melee: Falchion          |    67 |    20 ||    87
 Abil: Spit Poison       |     2 |     5 ||     7
Armor: Leather armour    |    14 |     2 ||    16
Dodge: Dodged            |    47 |    16 ||    63
       Rpst.: Falchion   |    13 |     5 ||    18

Table legend:
 A = Spawn XP
 B = Non-spawn XP
 C = Spawn XP percentage of total XP
 D = Spawn monster count
 E = Non-spawn monster count
 F = Spawn count percentage of total count
 G = Total turns spent on level
                    A         B        C        D         E        F      G
               +---------+---------+-------+---------+---------+-------+---------
         Total |       0 |     276 |   0.0 |       0 |      26 |   0.0 |  1448
               +---------+---------+-------+---------+---------+-------+---------
           D:1 |       0 |      41 |   0.0 |       0 |      21 |   0.0 |   905
           D:2 |       0 |     235 |   0.0 |       0 |       5 |   0.0 |   533
               +---------+---------+-------+---------+---------+-------+---------
